[ AOE2 MATCH · #482360514 ]
Team RMMaya vs Franks
[ REPLAY ANALYSIS · EXTRACTED FROM THE RECORDED GAME ]
Feudal
13:00
Castle
27:41
Imperial
—
| APM avg | 20.6 |
| APM peak | 81 |
| eAPM avg | 9.2 |
| Villagers / military | 103 / 34 |
Focus
⚔️ 15.1% · 🌾 84.9%
Eagle Scout ×26 · Spearman ×5 · Skirmisher ×2 · Militia ×1
Feudal
11:06
Castle
18:33
Imperial
32:07
| APM avg | 30.0 |
| APM peak | 74 |
| eAPM avg | 16.6 |
| Villagers / military | 132 / 153 |
Focus
⚔️ 14.7% · 🌾 85.3%
Knight ×150 · Trade Cart ×18 · Monk ×3
Feudal
12:26
Castle
17:11
Imperial
31:33
| APM avg | 16.7 |
| APM peak | 51 |
| eAPM avg | 8.9 |
| Villagers / military | 98 / 206 |
Focus
⚔️ 33.2% · 🌾 66.8%
Spearman ×151 · Skirmisher ×49 · Bombard Cannon ×3 · Trebuchet (Packed) ×3
Feudal
11:52
Castle
19:30
Imperial
33:17
| APM avg | 32.1 |
| APM peak | 80 |
| eAPM avg | 20.7 |
| Villagers / military | 129 / 187 |
Focus
⚔️ 20.4% · 🌾 79.6%
Knight ×120 · Skirmisher ×47 · Scorpion ×12 · Spearman ×5 · Trade Cart ×2 · Mangonel ×1
Feudal
17:23
Castle
22:12
Imperial
34:28
| APM avg | 12.4 |
| APM peak | 38 |
| eAPM avg | 8.9 |
| Villagers / military | 144 / 128 |
Focus
⚔️ 25.0% · 🌾 75.0%
Spearman ×48 · Scout Cavalry ×45 · Knight ×30 · Bombard Cannon ×5
Feudal
9:09
Castle
18:15
Imperial
39:15
| APM avg | 28.1 |
| APM peak | 79 |
| eAPM avg | 13.8 |
| Villagers / military | 97 / 185 |
Focus
⚔️ 49.8% · 🌾 50.2%
Skirmisher ×95 · Cavalry Archer ×76 · Trebuchet (Packed) ×8 · Battering Ram ×3 · Scout Cavalry ×3
Feudal
11:49
Castle
23:03
Imperial
38:43
| APM avg | 23.2 |
| APM peak | 85 |
| eAPM avg | 11.2 |
| Villagers / military | 96 / 204 |
Focus
⚔️ 27.0% · 🌾 73.0%
Longbowman ×195 · Spearman ×5 · Trebuchet (Packed) ×4
Feudal
11:23
Castle
20:34
Imperial
34:30
| APM avg | 37.0 |
| APM peak | 101 |
| eAPM avg | 15.1 |
| Villagers / military | 116 / 185 |
Focus
⚔️ 31.8% · 🌾 68.2%
Steppe Lancer ×166 · Trebuchet (Packed) ×10 · Archer ×4 · Battering Ram ×4 · Militia ×1
Match map
Resources at game start + every placement click. Thick line = wall · dashed box = detected house wall. 🟡 gold · ⚪ stone · 🟢 berries · 🔶 boar · ⭕ relic
Inputs per minute
— gazza17 - - NAPAS
Build order — gazza17
First 150 of 245 actions detected
| 0:02 | Research | Loom |
| 0:03 | Create | Villager (Male) |
| 0:03 | Create | Villager (Male) |
| 0:03 | Create | Villager (Male) |
| 0:07 | Build | House |
| 0:11 | Build | House |
| 1:36 | Create | Villager (Male) |
| 1:36 | Create | Villager (Male) |
| 2:13 | Build | Lumber Camp |
| 2:21 | Create | Villager (Male) |
| 2:21 | Create | Villager (Male) |
| 2:22 | Create | Villager (Male) |
| 3:31 | Create | Villager (Male) |
| 3:32 | Create | Villager (Male) |
| 3:32 | Create | Villager (Male) |
| 3:32 | Create | Villager (Male) |
| 4:06 | Build | House |
| 4:15 | Create | Villager (Male) |
| 4:16 | Create | Villager (Male) |
| 4:16 | Create | Villager (Male) |
| 4:27 | Build | Mill |
| 4:56 | Create | Villager (Male) |
| 4:56 | Create | Villager (Male) |
| 5:43 | Create | Villager (Male) |
| 5:44 | Create | Villager (Male) |
| 5:44 | Create | Villager (Male) |
| 5:44 | Create | Villager (Male) |
| 5:55 | Build | House |
| 6:25 | Create | Villager (Male) |
| 6:25 | Create | Villager (Male) |
| 6:25 | Create | Villager (Male) |
| 6:48 | Create | Villager (Male) |
| 6:48 | Create | Villager (Male) |
| 7:34 | Create | Villager (Male) |
| 7:35 | Create | Villager (Male) |
| 7:35 | Create | Villager (Male) |
| 7:35 | Create | Villager (Male) |
| 7:36 | Create | Villager (Male) |
| 7:36 | Create | Villager (Male) |
| 7:36 | Create | Villager (Male) |
| 8:28 | Build | Mining Camp |
| 8:35 | Build | Mining Camp |
| 9:40 | Create | Villager (Male) |
| 9:40 | Create | Villager (Male) |
| 9:41 | Create | Villager (Male) |
| 9:41 | Create | Villager (Male) |
| 9:53 | Build | House |
| 9:54 | Build | House |
| 10:04 | Build | Farm |
| 10:07 | Build | Farm |
| 10:10 | Build | Farm |
| 10:14 | Build | Farm |
| 10:48 | Research | Feudal Age |
| 11:52 | Build | Barracks |
| 13:00 | Age | Feudal Age |
| 13:15 | Create | Eagle Scout |
| 13:15 | Create | Eagle Scout |
| 13:15 | Create | Eagle Scout |
| 13:16 | Create | Eagle Scout |
| 13:31 | Create | Villager (Male) |
| 13:31 | Create | Villager (Male) |
| 13:32 | Create | Villager (Male) |
| 13:32 | Create | Villager (Male) |
| 13:32 | Create | Villager (Male) |
| 13:41 | Build | Farm |
| 14:36 | Build | Blacksmith |
| 14:37 | Create | Militia |
| 14:43 | Create | Villager (Male) |
| 14:43 | Create | Villager (Male) |
| 15:52 | Create | Villager (Male) |
| 15:53 | Create | Villager (Male) |
| 16:08 | Build | Stone Wall |
| 16:54 | Build | Farm |
| 16:57 | Build | Farm |
| 17:17 | Build | Farm |
| 17:20 | Build | Farm |
| 17:22 | Build | Farm |
| 17:24 | Build | Farm |
| 17:28 | Build | Farm |
| 17:29 | Create | Villager (Male) |
| 17:29 | Create | Villager (Male) |
| 17:36 | Build | House |
| 17:52 | Build | Farm |
| 17:54 | Build | Farm |
| 17:54 | Build | Farm |
| 18:16 | Build | Building 487 |
| 18:33 | Build | Stone Wall |
| 18:33 | Build | Stone Wall |
| 18:38 | Build | Stone Wall |
| 19:04 | Build | Farm |
| 19:06 | Create | Villager (Male) |
| 19:07 | Create | Villager (Male) |
| 19:36 | Create | Spearman |
| 19:37 | Create | Spearman |
| 19:37 | Create | Spearman |
| 20:23 | Build | Lumber Camp |
| 23:10 | Build | Archery Range |
| 23:28 | Create | Spearman |
| 23:28 | Create | Spearman |
| 23:39 | Create | Skirmisher |
| 23:39 | Create | Skirmisher |
| 23:49 | Build | Lumber Camp |
| 25:02 | Research | Castle Age |
| 25:28 | Build | Farm |
| 25:43 | Research | Double-Bit Axe |
| 25:46 | Research | Horse Collar |
| 26:26 | Build | Market |
| 27:41 | Age | Castle Age |
| 27:50 | Build | Town Center |
| 28:39 | Create | Villager (Male) |
| 28:39 | Create | Villager (Male) |
| 28:39 | Create | Villager (Male) |
| 28:39 | Create | Villager (Male) |
| 28:40 | Create | Villager (Male) |
| 28:40 | Create | Villager (Male) |
| 28:40 | Create | Villager (Male) |
| 28:50 | Build | Town Center |
| 28:53 | Research | Gold Mining |
| 29:01 | Research | Squires |
| 29:02 | Research | Eagle Warrior (upgrade) |
| 29:02 | Research | Eagle Warrior (upgrade) |
| 29:03 | Create | Eagle Scout ×5 |
| 29:03 | Create | Eagle Scout ×5 |
| 29:03 | Create | Eagle Scout ×5 |
| 29:04 | Create | Eagle Scout ×5 |
| 29:16 | Build | House |
| 29:16 | Build | House |
| 29:16 | Build | House |
| 29:16 | Build | House |
| 29:17 | Build | House |
| 29:17 | Build | House |
| 29:17 | Build | House |
| 29:17 | Build | House |
| 29:18 | Build | House |
| 29:20 | Build | House |
| 29:44 | Build | Mining Camp |
| 30:21 | Create | Villager (Male) |
| 30:21 | Create | Villager (Male) |
| 30:21 | Create | Villager (Male) |
| 30:22 | Create | Villager (Male) |
| 30:22 | Create | Villager (Male) |
| 30:23 | Create | Villager (Male) |
| 30:24 | Create | Villager (Male) |
| 30:24 | Create | Villager (Male) |
| 30:24 | Create | Villager (Male) |
| 30:25 | Create | Villager (Male) |
| 30:26 | Create | Villager (Male) |
| 30:26 | Create | Villager (Male) |
| 30:26 | Create | Villager (Male) |
| 30:27 | Create | Villager (Male) |
Build order — NAPAS
First 150 of 301 actions detected
| 0:03 | Build | House |
| 0:05 | Build | House |
| 0:06 | Create | Villager (Male) ×5 |
| 0:06 | Create | Villager (Male) |
| 1:43 | Create | Villager (Male) |
| 1:54 | Build | Lumber Camp |
| 3:03 | Create | Villager (Male) |
| 3:19 | Create | Villager (Male) |
| 3:22 | Create | Villager (Male) |
| 3:54 | Create | Villager (Male) |
| 3:58 | Build | House |
| 3:59 | Build | House |
| 4:23 | Build | Mill |
| 4:51 | Create | Villager (Male) |
| 4:51 | Create | Villager (Male) |
| 5:47 | Create | Villager (Male) |
| 5:47 | Create | Villager (Male) |
| 6:20 | Create | Villager (Male) |
| 6:32 | Create | Villager (Male) |
| 6:32 | Create | Villager (Male) |
| 6:47 | Build | Lumber Camp |
| 7:54 | Create | Villager (Male) |
| 7:54 | Create | Villager (Male) |
| 8:26 | Build | Mining Camp |
| 8:56 | Research | Feudal Age |
| 10:49 | Create | Villager (Male) |
| 10:49 | Create | Villager (Male) |
| 10:50 | Create | Villager (Male) |
| 10:50 | Create | Villager (Male) |
| 10:55 | Build | House |
| 11:06 | Age | Feudal Age |
| 11:09 | Build | Market |
| 11:15 | Build | Blacksmith |
| 11:17 | Create | Villager (Male) |
| 11:17 | Create | Villager (Male) |
| 11:41 | Build | Farm |
| 11:54 | Research | Double-Bit Axe |
| 12:04 | Build | Farm |
| 12:24 | Build | Farm |
| 12:33 | Build | House |
| 12:47 | Create | Villager (Male) |
| 12:50 | Build | Farm |
| 13:03 | Research | Horse Collar |
| 13:13 | Build | Farm |
| 13:19 | Build | Farm |
| 13:23 | Build | Farm |
| 13:26 | Build | Farm |
| 13:35 | Build | Farm |
| 13:37 | Create | Villager (Male) |
| 13:42 | Build | Farm |
| 14:04 | Build | Farm |
| 14:06 | Create | Villager (Male) |
| 14:37 | Research | Wheelbarrow |
| 14:39 | Build | Farm |
| 15:03 | Build | Barracks |
| 15:53 | Research | Castle Age |
| 15:58 | Build | Mining Camp |
| 16:15 | Build | Stable |
| 16:39 | Build | House |
| 17:46 | Research | Scale Barding Armor |
| 17:52 | Research | Forging |
| 17:59 | Build | House |
| 18:08 | Research | Bloodlines |
| 18:33 | Age | Castle Age |
| 18:39 | Build | Town Center |
| 18:47 | Build | Town Center |
| 18:50 | Create | Villager (Male) |
| 18:50 | Create | Villager (Male) |
| 18:51 | Create | Villager (Male) |
| 19:10 | Build | Monastery |
| 19:26 | Build | Farm |
| 19:43 | Create | Villager (Male) |
| 19:54 | Research | Bow Saw |
| 20:00 | Create | Monk |
| 20:00 | Create | Monk |
| 20:04 | Create | Monk |
| 20:30 | Create | Villager (Male) |
| 20:30 | Create | Villager (Male) |
| 20:30 | Create | Villager (Male) |
| 20:34 | Create | Villager (Male) |
| 20:34 | Create | Villager (Male) |
| 20:42 | Build | Farm |
| 20:43 | Build | Farm |
| 21:23 | Build | Farm |
| 21:25 | Create | Villager (Male) |
| 21:26 | Create | Villager (Male) |
| 21:28 | Create | Villager (Male) |
| 21:31 | Build | Farm |
| 21:36 | Create | Villager (Male) |
| 21:38 | Create | Villager (Male) |
| 21:52 | Build | Farm |
| 22:24 | Build | Farm |
| 22:26 | Build | Farm |
| 22:27 | Create | Villager (Male) |
| 22:27 | Create | Villager (Male) |
| 22:29 | Create | Villager (Male) |
| 22:29 | Create | Villager (Male) |
| 22:31 | Create | Villager (Male) |
| 22:31 | Create | Villager (Male) |
| 22:53 | Build | Town Center |
| 23:11 | Build | Farm |
| 23:30 | Build | Farm |
| 23:37 | Build | House |
| 23:38 | Build | House |
| 23:39 | Build | House |
| 23:51 | Create | Villager (Male) |
| 23:51 | Create | Villager (Male) |
| 23:52 | Create | Villager (Male) |
| 23:52 | Create | Villager (Male) |
| 23:55 | Create | Villager (Male) |
| 23:56 | Create | Villager (Male) |
| 23:59 | Build | Farm |
| 24:08 | Build | Farm |
| 24:13 | Build | House |
| 24:22 | Create | Villager (Male) |
| 24:23 | Create | Villager (Male) |
| 24:25 | Create | Villager (Male) |
| 24:26 | Create | Villager (Male) |
| 24:35 | Create | Villager (Male) |
| 24:39 | Build | Farm |
| 25:11 | Build | Farm |
| 25:11 | Build | Farm |
| 25:14 | Build | Farm |
| 25:38 | Build | Farm |
| 25:39 | Create | Villager (Male) |
| 25:40 | Create | Villager (Male) |
| 25:42 | Build | House |
| 25:43 | Build | House |
| 25:44 | Build | House |
| 25:54 | Build | Castle |
| 26:10 | Build | Castle |
| 26:16 | Build | Farm |
| 26:33 | Research | Hand Cart |
| 26:34 | Create | Villager (Male) |
| 26:36 | Create | Villager (Male) |
| 26:38 | Create | Villager (Male) |
| 26:39 | Create | Villager (Male) |
| 26:40 | Create | Villager (Male) |
| 26:41 | Create | Villager (Male) |
| 26:44 | Build | Farm |
| 27:04 | Build | Mining Camp |
| 27:08 | Create | Villager (Male) |
| 27:09 | Create | Villager (Male) |
| 27:14 | Create | Villager (Male) |
| 27:15 | Create | Villager (Male) |
| 27:15 | Create | Villager (Male) |
| 27:20 | Create | Villager (Male) |
| 27:20 | Create | Villager (Male) |
| 27:22 | Create | Villager (Male) |
| 27:22 | Create | Villager (Male) |
Build order — Cloud
First 150 of 283 actions detected
| 0:02 | Create | Villager (Male) ×4 |
| 0:03 | Create | Villager (Male) ×4 |
| 0:06 | Build | House |
| 0:08 | Build | House |
| 1:45 | Create | Villager (Male) |
| 2:04 | Create | Villager (Male) |
| 2:08 | Research | Loom |
| 2:10 | Create | Villager (Male) |
| 2:18 | Build | House |
| 2:43 | Create | Villager (Male) |
| 3:00 | Create | Villager (Male) |
| 3:52 | Create | Villager (Male) |
| 4:04 | Create | Villager (Male) |
| 4:27 | Build | Mill |
| 4:45 | Create | Villager (Male) |
| 5:15 | Create | Villager (Male) |
| 5:41 | Create | Villager (Male) |
| 5:41 | Create | Villager (Male) |
| 5:48 | Create | Villager (Male) |
| 6:08 | Create | Villager (Male) |
| 6:30 | Build | Lumber Camp |
| 6:34 | Create | Villager (Male) |
| 6:38 | Build | House |
| 6:54 | Create | Villager (Male) |
| 7:06 | Create | Villager (Male) |
| 7:54 | Create | Villager (Male) |
| 7:57 | Build | House |
| 8:36 | Create | Villager (Male) |
| 8:54 | Create | Villager (Male) |
| 9:06 | Build | Mining Camp |
| 9:29 | Create | Villager (Male) |
| 9:59 | Research | Feudal Age |
| 11:16 | Create | Villager (Male) |
| 11:28 | Build | Farm |
| 11:30 | Build | Farm |
| 11:32 | Build | Farm |
| 11:34 | Build | Farm |
| 11:35 | Build | Farm |
| 11:36 | Build | Farm |
| 11:38 | Build | Farm |
| 11:39 | Build | Farm |
| 12:26 | Age | Feudal Age |
| 12:26 | Create | Villager (Male) |
| 12:38 | Build | Blacksmith |
| 12:56 | Create | Villager (Male) |
| 12:57 | Create | Villager (Male) |
| 13:01 | Build | House |
| 13:40 | Build | Market |
| 13:43 | Create | Villager (Male) |
| 14:12 | Build | Mining Camp |
| 14:30 | Research | Castle Age |
| 15:30 | Build | House |
| 16:12 | Research | Double-Bit Axe |
| 17:11 | Age | Castle Age |
| 17:13 | Create | Villager (Male) |
| 17:16 | Build | Town Center |
| 17:22 | Build | Town Center |
| 17:38 | Create | Villager (Male) |
| 17:38 | Create | Villager (Male) |
| 17:46 | Build | Farm |
| 17:47 | Build | Farm |
| 17:49 | Build | Farm |
| 18:10 | Research | Bow Saw |
| 18:15 | Research | Wheelbarrow |
| 18:19 | Create | Villager (Male) |
| 18:19 | Create | Villager (Male) |
| 18:21 | Create | Villager (Male) |
| 18:21 | Create | Villager (Male) |
| 18:28 | Create | Villager (Male) |
| 18:35 | Build | Farm |
| 18:37 | Build | Farm |
| 18:39 | Build | Farm |
| 18:44 | Build | Farm |
| 19:05 | Create | Villager (Male) |
| 19:09 | Create | Villager (Male) |
| 19:10 | Create | Villager (Male) |
| 19:16 | Create | Villager (Male) |
| 19:18 | Create | Villager (Male) |
| 19:19 | Create | Villager (Male) |
| 19:37 | Create | Villager (Male) |
| 19:38 | Create | Villager (Male) |
| 20:06 | Create | Villager (Male) |
| 20:07 | Create | Villager (Male) |
| 20:11 | Build | Barracks |
| 20:16 | Build | Farm |
| 20:17 | Create | Villager (Male) |
| 20:18 | Create | Villager (Male) |
| 20:30 | Build | Mill |
| 20:34 | Build | Farm |
| 20:36 | Build | Farm |
| 20:37 | Build | Farm |
| 20:38 | Build | Farm |
| 20:40 | Build | Farm |
| 20:42 | Build | Farm |
| 20:44 | Build | Farm |
| 20:49 | Create | Villager (Male) |
| 20:49 | Create | Villager (Male) |
| 20:49 | Create | Villager (Male) |
| 21:15 | Build | House |
| 21:16 | Build | House |
| 21:17 | Build | House |
| 21:31 | Research | Hand Cart |
| 21:34 | Create | Villager (Male) |
| 21:34 | Create | Villager (Male) |
| 21:35 | Create | Villager (Male) |
| 21:35 | Create | Villager (Male) |
| 21:51 | Create | Spearman |
| 21:52 | Create | Spearman |
| 21:56 | Build | Farm |
| 21:59 | Research | Scale Mail Armor |
| 22:04 | Build | Farm |
| 22:15 | Create | Villager (Male) |
| 22:15 | Create | Villager (Male) |
| 22:30 | Create | Spearman |
| 22:41 | Create | Villager (Male) |
| 22:49 | Create | Villager (Male) |
| 22:49 | Create | Villager (Male) |
| 22:52 | Create | Villager (Male) |
| 22:54 | Create | Villager (Male) |
| 23:12 | Research | Horse Collar |
| 23:14 | Create | Spearman |
| 23:15 | Create | Spearman |
| 23:30 | Create | Villager (Male) |
| 23:31 | Create | Villager (Male) |
| 23:31 | Create | Villager (Male) |
| 23:46 | Build | House |
| 23:59 | Build | House |
| 24:00 | Build | House |
| 24:01 | Build | House |
| 24:02 | Build | House |
| 24:03 | Build | House |
| 24:09 | Build | House |
| 24:10 | Build | House |
| 24:11 | Build | House |
| 24:12 | Build | House |
| 24:14 | Build | House |
| 24:15 | Build | House |
| 24:15 | Build | House |
| 24:16 | Build | House |
| 24:22 | Create | Villager (Male) |
| 24:22 | Create | Villager (Male) |
| 24:23 | Create | Villager (Male) |
| 24:23 | Create | Villager (Male) |
| 24:23 | Create | Villager (Male) |
| 24:24 | Create | Villager (Male) |
| 24:24 | Create | Villager (Male) |
| 24:25 | Create | Villager (Male) |
| 24:33 | Build | Mill |
| 24:35 | Build | Farm |
| 24:36 | Build | Farm |
Build order — Ilyrian
First 150 of 418 actions detected
| 0:01 | Create | Villager (Male) ×4 |
| 0:05 | Build | House |
| 0:06 | Build | House |
| 1:18 | Create | Villager (Male) |
| 1:51 | Create | Villager (Male) |
| 2:36 | Create | Villager (Male) |
| 2:37 | Create | Villager (Male) |
| 2:46 | Create | Villager (Male) |
| 2:46 | Create | Villager (Male) |
| 3:10 | Build | Mill |
| 3:20 | Create | Villager (Male) |
| 3:20 | Create | Villager (Male) |
| 3:53 | Create | Villager (Male) |
| 3:53 | Create | Villager (Male) |
| 4:15 | Research | Loom |
| 4:16 | Create | Villager (Male) |
| 4:16 | Create | Villager (Male) |
| 4:33 | Build | House |
| 4:45 | Create | Villager (Male) |
| 4:45 | Create | Villager (Male) |
| 4:45 | Create | Villager (Male) |
| 5:00 | Create | Villager (Male) |
| 5:00 | Create | Villager (Male) |
| 5:17 | Build | House |
| 5:30 | Create | Villager (Male) |
| 5:30 | Create | Villager (Male) |
| 5:30 | Create | Villager (Male) |
| 5:40 | Build | Lumber Camp |
| 5:54 | Build | Palisade Wall |
| 6:09 | Create | Villager (Male) |
| 6:09 | Create | Villager (Male) |
| 6:53 | Create | Villager (Male) |
| 7:02 | Build | House |
| 7:24 | Create | Villager (Male) |
| 7:51 | Build | Palisade Gate |
| 7:59 | Create | Villager (Male) |
| 7:59 | Create | Villager (Male) |
| 8:14 | Build | Barracks |
| 8:22 | Build | Palisade Wall |
| 9:16 | Build | Palisade Wall |
| 9:42 | Research | Feudal Age |
| 11:20 | Build | Farm |
| 11:21 | Build | Farm |
| 11:21 | Build | Farm |
| 11:21 | Build | Farm |
| 11:21 | Build | Farm |
| 11:21 | Build | Farm |
| 11:21 | Build | Farm |
| 11:22 | Build | Farm |
| 11:22 | Build | Farm |
| 11:22 | Build | Farm |
| 11:22 | Build | Farm |
| 11:23 | Build | Farm |
| 11:23 | Build | Farm |
| 11:23 | Build | Farm |
| 11:23 | Build | Farm |
| 11:52 | Age | Feudal Age |
| 11:55 | Build | Mining Camp |
| 11:59 | Research | Double-Bit Axe |
| 12:02 | Create | Spearman |
| 12:02 | Create | Spearman |
| 12:13 | Create | Villager (Male) |
| 12:14 | Create | Villager (Male) |
| 12:48 | Build | Blacksmith |
| 12:53 | Create | Villager (Male) |
| 12:53 | Create | Villager (Male) |
| 12:54 | Create | Villager (Male) |
| 13:20 | Build | House |
| 13:32 | Build | House |
| 13:34 | Build | House |
| 13:39 | Create | Villager (Male) |
| 14:23 | Build | Market |
| 14:29 | Build | Farm |
| 14:29 | Build | Farm |
| 14:30 | Build | Farm |
| 14:30 | Build | Farm |
| 14:30 | Build | Farm |
| 14:30 | Build | Farm |
| 14:30 | Build | Farm |
| 14:31 | Build | Farm |
| 15:03 | Build | Farm |
| 15:04 | Build | Farm |
| 15:24 | Create | Villager (Male) |
| 15:39 | Build | Farm |
| 15:39 | Build | Farm |
| 15:40 | Build | Farm |
| 15:40 | Build | Farm |
| 15:40 | Build | Farm |
| 15:40 | Build | Farm |
| 15:40 | Build | Farm |
| 15:44 | Create | Villager (Male) |
| 16:03 | Build | Lumber Camp |
| 16:40 | Build | Farm |
| 16:50 | Research | Castle Age |
| 17:11 | Create | Spearman |
| 17:25 | Build | House |
| 17:30 | Build | House |
| 17:38 | Build | House |
| 17:40 | Build | House |
| 17:44 | Build | House |
| 18:28 | Build | House |
| 18:30 | Build | House |
| 18:39 | Create | Villager (Male) |
| 18:39 | Create | Villager (Male) |
| 18:39 | Create | Villager (Male) |
| 18:48 | Build | Mining Camp |
| 18:58 | Build | Farm |
| 19:01 | Build | Farm |
| 19:01 | Build | Farm |
| 19:01 | Build | Farm |
| 19:01 | Build | Farm |
| 19:02 | Build | Farm |
| 19:02 | Build | Farm |
| 19:04 | Build | Farm |
| 19:04 | Build | Farm |
| 19:05 | Build | Farm |
| 19:05 | Build | Farm |
| 19:05 | Build | Farm |
| 19:05 | Build | Farm |
| 19:09 | Create | Villager (Male) |
| 19:26 | Build | Building 487 |
| 19:30 | Age | Castle Age |
| 19:43 | Research | Pikeman (upgrade) |
| 19:44 | Research | Squires |
| 19:45 | Create | Spearman |
| 19:45 | Create | Spearman |
| 19:57 | Create | Villager (Male) |
| 19:58 | Create | Villager (Male) |
| 20:27 | Build | Archery Range |
| 21:08 | Build | Town Center |
| 21:22 | Create | Villager (Male) |
| 21:22 | Create | Villager (Male) |
| 21:23 | Create | Villager (Male) |
| 21:23 | Create | Villager (Male) |
| 21:34 | Build | House |
| 22:09 | Research | Bow Saw |
| 22:14 | Create | Villager (Male) |
| 22:14 | Create | Villager (Male) |
| 22:18 | Create | Villager (Male) |
| 22:18 | Create | Villager (Male) |
| 22:19 | Create | Villager (Male) |
| 22:39 | Build | Farm |
| 22:39 | Build | Farm |
| 22:39 | Build | Farm |
| 22:39 | Build | Farm |
| 22:44 | Build | Farm |
| 22:44 | Build | Farm |
| 22:44 | Build | Farm |
| 22:45 | Build | Farm |
| 22:45 | Build | Farm |
Build order — emre_gud
First 150 of 300 actions detected
| 0:26 | Build | House |
| 0:32 | Create | Villager (Male) |
| 0:33 | Research | Loom |
| 0:33 | Create | Villager (Male) ×4 |
| 1:14 | Build | House |
| 1:17 | Build | House |
| 1:19 | Build | House |
| 1:20 | Build | House |
| 1:22 | Build | House |
| 1:45 | Create | Villager (Male) |
| 3:08 | Create | Villager (Male) ×2 |
| 3:27 | Create | Villager (Male) |
| 4:00 | Build | House |
| 4:01 | Build | House |
| 4:03 | Build | House |
| 4:04 | Build | House |
| 4:13 | Create | Villager (Male) ×2 |
| 5:12 | Create | Villager (Male) ×3 |
| 6:05 | Create | Villager (Male) ×3 |
| 6:49 | Create | Villager (Male) ×3 |
| 7:03 | Create | Villager (Male) |
| 7:44 | Build | Mining Camp |
| 9:03 | Build | Lumber Camp |
| 9:17 | Create | Villager (Male) ×5 |
| 9:40 | Create | Villager (Male) ×2 |
| 10:13 | Build | Mining Camp |
| 10:22 | Build | Mining Camp |
| 11:06 | Build | Mill |
| 11:43 | Create | Villager (Male) |
| 11:44 | Create | Villager (Male) |
| 11:44 | Create | Villager (Male) |
| 12:08 | Create | Villager (Male) |
| 12:09 | Create | Villager (Male) |
| 12:09 | Create | Villager (Male) |
| 13:08 | Create | Villager (Male) |
| 13:08 | Create | Villager (Male) |
| 13:46 | Build | Farm |
| 14:10 | Build | Farm |
| 14:38 | Build | Farm |
| 15:18 | Build | Farm |
| 15:20 | Research | Feudal Age |
| 15:26 | Build | Farm |
| 15:35 | Build | Farm |
| 15:39 | Build | Farm |
| 15:39 | Build | Farm |
| 16:14 | Build | Farm |
| 16:15 | Build | Farm |
| 16:16 | Build | Farm |
| 16:18 | Build | Farm |
| 16:19 | Build | Farm |
| 16:20 | Build | Farm |
| 16:21 | Build | Farm |
| 16:33 | Build | Farm |
| 17:11 | Build | Farm |
| 17:23 | Age | Feudal Age |
| 17:32 | Build | Market |
| 17:39 | Research | Wheelbarrow |
| 17:44 | Research | Double-Bit Axe |
| 17:46 | Research | Horse Collar |
| 18:45 | Build | Blacksmith |
| 19:15 | Create | Villager (Male) |
| 19:22 | Create | Villager (Male) |
| 19:47 | Research | Castle Age |
| 20:36 | Build | House |
| 20:39 | Build | House |
| 20:40 | Build | House |
| 20:42 | Build | House |
| 20:42 | Build | House |
| 20:43 | Build | House |
| 20:45 | Build | House |
| 20:46 | Build | House |
| 20:47 | Build | House |
| 20:50 | Build | House |
| 20:50 | Build | House |
| 20:51 | Build | House |
| 21:24 | Build | Barracks |
| 22:03 | Create | Spearman |
| 22:12 | Age | Castle Age |
| 22:23 | Create | Spearman |
| 23:18 | Create | Spearman |
| 23:18 | Create | Spearman |
| 23:18 | Create | Spearman |
| 23:45 | Build | Town Center |
| 23:53 | Build | Town Center |
| 24:06 | Build | Town Center |
| 24:12 | Create | Villager (Male) ×5 |
| 25:04 | Create | Villager (Male) ×5 |
| 25:07 | Create | Villager (Male) |
| 25:25 | Build | Castle |
| 25:44 | Create | Villager (Male) ×5 |
| 26:31 | Create | Villager (Male) |
| 26:31 | Create | Villager (Male) |
| 26:34 | Research | Hand Cart |
| 26:36 | Create | Villager (Male) |
| 26:36 | Create | Villager (Male) |
| 26:36 | Create | Villager (Male) |
| 26:45 | Create | Villager (Male) ×5 |
| 27:02 | Build | Farm |
| 27:04 | Build | Farm |
| 27:05 | Build | Farm |
| 27:12 | Create | Villager (Male) |
| 27:12 | Create | Villager (Male) |
| 27:46 | Build | Mining Camp |
| 27:56 | Create | Villager (Male) |
| 27:57 | Create | Villager (Male) |
| 27:59 | Create | Villager (Male) |
| 28:00 | Create | Villager (Male) |
| 28:00 | Create | Villager (Male) |
| 28:05 | Create | Villager (Male) ×5 |
| 28:11 | Create | Villager (Male) ×5 |
| 28:21 | Build | Farm |
| 28:25 | Build | Farm |
| 28:25 | Build | Farm |
| 28:26 | Build | Farm |
| 28:27 | Build | Farm |
| 28:28 | Build | Farm |
| 28:29 | Build | Farm |
| 28:34 | Create | Villager (Male) |
| 28:34 | Create | Villager (Male) |
| 28:40 | Build | Farm |
| 28:43 | Build | Farm |
| 28:45 | Build | Farm |
| 28:57 | Build | Farm |
| 29:02 | Create | Villager (Male) |
| 29:02 | Create | Villager (Male) |
| 29:05 | Create | Villager (Male) |
| 29:05 | Create | Villager (Male) |
| 29:19 | Build | Farm |
| 29:23 | Create | Villager (Male) |
| 29:31 | Build | Farm |
| 29:37 | Build | Farm |
| 29:47 | Build | Lumber Camp |
| 29:53 | Create | Villager (Male) |
| 29:58 | Create | Villager (Male) |
| 29:58 | Create | Villager (Male) |
| 29:58 | Create | Villager (Male) |
| 30:06 | Create | Villager (Male) |
| 30:06 | Create | Villager (Male) |
| 30:06 | Create | Villager (Male) |
| 30:25 | Build | Farm |
| 30:27 | Build | Farm |
| 30:28 | Build | Farm |
| 30:29 | Build | Farm |
| 30:30 | Build | Farm |
| 30:31 | Build | Farm |
| 30:31 | Build | Farm |
| 30:32 | Build | Farm |
| 30:35 | Create | Villager (Male) |
| 30:39 | Create | Villager (Male) |
| 30:42 | Create | Villager (Male) |
Build order — kosinus912
First 150 of 445 actions detected
| 0:03 | Build | House |
| 0:03 | Build | House |
| 0:03 | Build | House |
| 0:04 | Create | Villager (Male) |
| 0:14 | Create | Villager (Male) |
| 0:28 | Create | Villager (Male) |
| 0:28 | Create | Villager (Male) |
| 1:44 | Create | Villager (Male) |
| 1:59 | Build | Lumber Camp |
| 2:18 | Create | Villager (Male) |
| 2:18 | Create | Villager (Male) |
| 2:18 | Create | Villager (Male) |
| 2:19 | Create | Villager (Male) |
| 2:59 | Create | Villager (Male) |
| 2:59 | Create | Villager (Male) |
| 2:59 | Create | Villager (Male) |
| 3:35 | Create | Villager (Male) |
| 3:35 | Create | Villager (Male) |
| 4:09 | Create | Villager (Male) |
| 4:09 | Create | Villager (Male) |
| 4:47 | Create | Villager (Male) |
| 4:48 | Create | Villager (Male) |
| 4:49 | Create | Villager (Male) |
| 4:58 | Build | House |
| 5:01 | Build | House |
| 5:30 | Build | Mill |
| 6:16 | Create | Villager (Male) |
| 6:38 | Research | Loom |
| 6:59 | Research | Feudal Age |
| 6:59 | Research | Feudal Age |
| 7:12 | Build | Barracks |
| 7:15 | Build | House |
| 8:50 | Build | Mining Camp |
| 9:09 | Age | Feudal Age |
| 9:15 | Create | Villager (Male) |
| 9:16 | Create | Villager (Male) |
| 9:38 | Create | Villager (Male) |
| 9:38 | Create | Villager (Male) |
| 10:54 | Build | Mill |
| 11:06 | Build | Farm |
| 11:06 | Build | Farm |
| 11:06 | Build | Farm |
| 11:06 | Build | Farm |
| 11:07 | Build | Farm |
| 11:07 | Build | Farm |
| 11:07 | Build | Farm |
| 11:09 | Create | Villager (Male) |
| 11:09 | Create | Villager (Male) |
| 11:09 | Create | Villager (Male) |
| 12:08 | Build | Blacksmith |
| 12:29 | Build | House |
| 12:31 | Build | House |
| 12:36 | Create | Villager (Male) |
| 12:37 | Create | Villager (Male) |
| 12:52 | Research | Loom |
| 12:56 | Research | Double-Bit Axe |
| 13:40 | Build | Market |
| 14:04 | Research | Wheelbarrow |
| 14:08 | Create | Villager (Male) |
| 14:08 | Create | Villager (Male) |
| 14:09 | Create | Villager (Male) |
| 14:17 | Build | Farm |
| 14:17 | Build | Farm |
| 14:18 | Build | Farm |
| 15:12 | Build | Stable |
| 15:35 | Research | Castle Age |
| 15:36 | Research | Castle Age |
| 15:36 | Research | Castle Age |
| 16:03 | Create | Scout Cavalry |
| 16:03 | Create | Scout Cavalry |
| 16:03 | Create | Scout Cavalry |
| 16:27 | Research | Horse Collar |
| 16:27 | Research | Horse Collar |
| 17:01 | Create | Villager (Male) |
| 17:02 | Create | Villager (Male) |
| 17:20 | Build | Mining Camp |
| 18:09 | Create | Villager (Male) |
| 18:09 | Create | Villager (Male) |
| 18:15 | Age | Castle Age |
| 18:25 | Research | Bow Saw |
| 18:27 | Research | Heavy Plow |
| 21:27 | Create | Villager (Male) |
| 21:28 | Create | Villager (Male) |
| 21:28 | Create | Villager (Male) |
| 21:32 | Build | House |
| 21:33 | Build | House |
| 21:33 | Build | House |
| 21:33 | Build | House |
| 21:33 | Build | House |
| 21:33 | Build | House |
| 21:34 | Build | House |
| 21:41 | Build | Town Center |
| 22:09 | Create | Villager (Male) |
| 23:19 | Create | Villager (Male) |
| 23:19 | Create | Villager (Male) |
| 23:52 | Create | Villager (Male) |
| 23:52 | Create | Villager (Male) |
| 25:33 | Build | Town Center |
| 25:36 | Create | Villager (Male) |
| 25:36 | Create | Villager (Male) |
| 25:37 | Create | Villager (Male) |
| 25:37 | Create | Villager (Male) |
| 26:06 | Create | Villager (Male) |
| 26:06 | Create | Villager (Male) |
| 26:07 | Create | Villager (Male) |
| 26:24 | Build | Farm |
| 26:25 | Build | Farm |
| 26:26 | Build | Farm |
| 26:26 | Build | Farm |
| 26:27 | Build | Farm |
| 26:28 | Build | Farm |
| 26:29 | Build | Farm |
| 26:29 | Build | Farm |
| 26:38 | Build | University |
| 26:41 | Create | Villager (Male) |
| 26:41 | Create | Villager (Male) |
| 26:42 | Create | Villager (Male) |
| 26:43 | Create | Villager (Male) |
| 26:48 | Build | House |
| 26:49 | Build | House |
| 26:49 | Build | House |
| 26:49 | Build | House |
| 26:49 | Build | House |
| 26:50 | Build | House |
| 26:50 | Build | House |
| 26:50 | Build | House |
| 26:50 | Build | House |
| 26:50 | Build | House |
| 26:53 | Build | House |
| 26:56 | Build | House |
| 26:57 | Build | House |
| 26:59 | Build | House |
| 27:01 | Build | House |
| 27:03 | Build | House |
| 27:04 | Build | House |
| 27:06 | Build | House |
| 27:07 | Build | House |
| 27:09 | Build | House |
| 27:11 | Build | House |
| 27:22 | Create | Villager (Male) |
| 27:25 | Create | Villager (Male) |
| 27:26 | Create | Villager (Male) |
| 27:26 | Create | Villager (Male) |
| 27:27 | Create | Villager (Male) |
| 27:38 | Research | Wheelbarrow |
| 28:03 | Build | Mining Camp |
| 28:12 | Build | Farm |
| 28:13 | Build | Farm |
| 28:14 | Build | Farm |
| 28:14 | Build | Farm |
Build order — 幻影碧萝
First 150 of 292 actions detected
| 0:19 | Build | House |
| 0:21 | Create | Villager (Male) |
| 0:21 | Create | Villager (Male) |
| 0:22 | Create | Villager (Male) |
| 0:22 | Create | Villager (Male) |
| 0:22 | Create | Villager (Male) |
| 1:07 | Build | Mill |
| 1:19 | Build | House |
| 1:21 | Build | House |
| 1:51 | Create | Villager (Male) |
| 1:52 | Create | Villager (Male) |
| 1:52 | Create | Villager (Male) |
| 2:59 | Create | Villager (Male) |
| 2:59 | Create | Villager (Male) |
| 3:00 | Create | Villager (Male) |
| 3:00 | Create | Villager (Male) |
| 3:02 | Research | Loom |
| 3:36 | Create | Villager (Male) |
| 3:36 | Create | Villager (Male) |
| 4:24 | Create | Villager (Male) |
| 4:24 | Create | Villager (Male) |
| 4:38 | Build | House |
| 5:15 | Create | Villager (Male) |
| 5:15 | Create | Villager (Male) |
| 5:58 | Create | Villager (Male) |
| 5:58 | Create | Villager (Male) |
| 6:21 | Create | Villager (Male) |
| 6:21 | Create | Villager (Male) |
| 7:05 | Build | Lumber Camp |
| 7:22 | Create | Villager (Male) |
| 7:23 | Create | Villager (Male) |
| 8:22 | Build | House |
| 8:23 | Build | House |
| 8:25 | Build | House |
| 8:54 | Create | Villager (Male) |
| 8:54 | Create | Villager (Male) |
| 8:54 | Create | Villager (Male) |
| 8:54 | Create | Villager (Male) |
| 9:35 | Build | Farm |
| 9:39 | Research | Feudal Age |
| 10:18 | Build | House |
| 10:26 | Build | Farm |
| 10:28 | Build | Farm |
| 10:39 | Create | Villager (Male) |
| 10:39 | Create | Villager (Male) |
| 10:52 | Build | Barracks |
| 11:01 | Create | Villager (Male) |
| 11:49 | Age | Feudal Age |
| 11:53 | Build | Farm |
| 12:40 | Build | Stone Wall |
| 12:53 | Create | Villager (Male) |
| 12:53 | Create | Villager (Male) |
| 12:53 | Create | Villager (Male) |
| 13:15 | Build | Mining Camp |
| 13:27 | Create | Villager (Male) |
| 13:29 | Create | Villager (Male) |
| 13:29 | Create | Villager (Male) |
| 13:49 | Build | Farm |
| 13:51 | Build | Farm |
| 13:52 | Build | Farm |
| 13:53 | Build | Farm |
| 14:02 | Create | Villager (Male) |
| 14:03 | Create | Villager (Male) |
| 14:43 | Build | Stone Wall |
| 14:55 | Build | Building 487 |
| 15:05 | Build | Farm |
| 15:09 | Create | Spearman |
| 15:10 | Create | Spearman |
| 15:21 | Build | House |
| 15:23 | Build | House |
| 15:25 | Build | House |
| 15:27 | Build | House |
| 15:28 | Build | House |
| 15:52 | Create | Villager (Male) |
| 15:52 | Create | Villager (Male) |
| 16:01 | Build | Mining Camp |
| 16:35 | Create | Villager (Male) |
| 16:35 | Create | Villager (Male) |
| 17:14 | Build | Stone Wall |
| 17:31 | Build | House |
| 17:50 | Create | Villager (Male) |
| 18:27 | Build | Blacksmith |
| 18:34 | Build | Market |
| 18:39 | Create | Villager (Male) |
| 18:39 | Create | Villager (Male) |
| 19:04 | Build | Mining Camp |
| 19:31 | Build | Palisade Gate |
| 20:23 | Research | Castle Age |
| 20:37 | Create | Villager (Male) |
| 20:37 | Create | Villager (Male) |
| 20:50 | Build | Farm |
| 20:52 | Build | Farm |
| 21:30 | Build | Stone Wall |
| 21:40 | Create | Villager (Male) |
| 21:40 | Create | Villager (Male) |
| 21:54 | Build | Farm |
| 21:55 | Build | Farm |
| 22:19 | Build | Farm |
| 22:25 | Research | Fletching |
| 22:25 | Research | Padded Archer Armor |
| 22:51 | Build | Farm |
| 23:03 | Age | Castle Age |
| 23:13 | Build | Castle |
| 23:21 | Create | Villager (Male) |
| 23:21 | Create | Villager (Male) |
| 23:21 | Create | Villager (Male) |
| 23:34 | Build | Town Center |
| 23:51 | Build | Town Center |
| 24:00 | Create | Villager (Male) |
| 24:00 | Create | Villager (Male) |
| 24:00 | Create | Villager (Male) |
| 24:25 | Create | Villager (Male) |
| 24:25 | Create | Villager (Male) |
| 24:36 | Create | Longbowman |
| 24:37 | Create | Longbowman |
| 24:37 | Create | Longbowman |
| 24:37 | Create | Longbowman |
| 24:37 | Create | Longbowman |
| 24:38 | Create | Longbowman |
| 24:38 | Create | Longbowman |
| 24:38 | Create | Longbowman |
| 25:34 | Create | Longbowman |
| 25:34 | Create | Longbowman |
| 26:05 | Build | Lumber Camp |
| 26:09 | Create | Villager (Male) |
| 26:09 | Create | Villager (Male) |
| 26:17 | Create | Villager (Male) |
| 26:17 | Create | Villager (Male) |
| 26:27 | Build | Castle |
| 26:41 | Create | Villager (Male) |
| 26:41 | Create | Villager (Male) |
| 26:56 | Create | Villager (Male) |
| 26:59 | Create | Villager (Male) |
| 27:00 | Create | Villager (Male) |
| 27:00 | Create | Villager (Male) |
| 27:04 | Create | Villager (Male) |
| 27:04 | Create | Villager (Male) |
| 27:35 | Research | Double-Bit Axe |
| 27:38 | Create | Longbowman |
| 27:38 | Create | Longbowman |
| 27:56 | Create | Longbowman |
| 27:56 | Create | Longbowman |
| 27:57 | Create | Longbowman |
| 28:29 | Create | Villager (Male) |
| 28:36 | Build | Farm |
| 28:40 | Create | Villager (Male) |
| 28:43 | Create | Villager (Male) |
| 28:43 | Create | Villager (Male) |
| 28:45 | Create | Villager (Male) |
| 28:45 | Create | Villager (Male) |
Build order — [FOREIGN LEGION] Steo
First 150 of 339 actions detected
| 0:00 | Create | Villager (Male) |
| 0:01 | Create | Villager (Male) |
| 0:01 | Create | Villager (Male) |
| 0:03 | Build | House |
| 0:04 | Build | House |
| 0:45 | Create | Villager (Male) |
| 0:45 | Create | Villager (Male) |
| 1:48 | Create | Villager (Male) |
| 1:48 | Create | Villager (Male) |
| 1:56 | Build | Lumber Camp |
| 2:16 | Create | Villager (Male) |
| 2:16 | Create | Villager (Male) |
| 2:37 | Create | Villager (Male) |
| 3:08 | Create | Villager (Male) |
| 3:09 | Create | Villager (Male) |
| 3:14 | Build | House |
| 3:34 | Create | Villager (Male) |
| 4:10 | Build | Mill |
| 4:14 | Create | Villager (Male) |
| 4:14 | Create | Villager (Male) |
| 4:39 | Create | Villager (Male) |
| 4:40 | Create | Villager (Male) |
| 4:57 | Create | Villager (Male) |
| 5:33 | Create | Villager (Male) |
| 5:34 | Create | Villager (Male) |
| 6:11 | Create | Villager (Male) |
| 6:12 | Create | Villager (Male) |
| 6:12 | Create | Villager (Male) |
| 6:27 | Create | Villager (Male) |
| 6:27 | Create | Villager (Male) |
| 6:49 | Create | Villager (Male) |
| 6:50 | Create | Villager (Male) |
| 6:52 | Build | House |
| 7:01 | Create | Villager (Male) |
| 7:02 | Create | Villager (Male) |
| 7:26 | Create | Villager (Male) |
| 7:26 | Create | Villager (Male) |
| 7:32 | Build | Mining Camp |
| 7:33 | Create | Villager (Male) |
| 7:33 | Create | Villager (Male) |
| 7:52 | Create | Villager (Male) |
| 8:21 | Create | Villager (Male) |
| 8:21 | Create | Villager (Male) |
| 8:41 | Create | Villager (Male) |
| 9:13 | Research | Feudal Age |
| 9:31 | Build | House |
| 11:11 | Research | Loom |
| 11:20 | Build | House |
| 11:23 | Age | Feudal Age |
| 11:47 | Create | Villager (Male) |
| 12:13 | Create | Villager (Male) |
| 12:36 | Build | Barracks |
| 12:39 | Create | Villager (Male) |
| 12:44 | Build | Mill |
| 13:35 | Build | Blacksmith |
| 13:40 | Create | Villager (Male) |
| 13:41 | Create | Villager (Male) |
| 14:08 | Create | Villager (Male) |
| 14:29 | Create | Villager (Male) |
| 14:42 | Create | Villager (Male) |
| 14:56 | Create | Villager (Male) |
| 15:14 | Create | Villager (Male) |
| 15:39 | Create | Villager (Male) |
| 15:47 | Build | Archery Range |
| 15:54 | Create | Militia |
| 15:59 | Create | Villager (Male) |
| 16:08 | Create | Villager (Male) |
| 16:12 | Create | Villager (Male) |
| 16:19 | Build | Palisade Wall |
| 16:46 | Create | Archer |
| 16:46 | Create | Archer |
| 16:55 | Create | Villager (Male) |
| 17:03 | Build | Farm |
| 17:04 | Build | Farm |
| 17:05 | Build | Farm |
| 17:05 | Build | Farm |
| 17:07 | Create | Villager (Male) |
| 17:14 | Build | Farm |
| 17:41 | Build | Palisade Wall |
| 17:44 | Create | Villager (Male) |
| 17:46 | Build | Farm |
| 17:47 | Build | Farm |
| 17:47 | Build | Farm |
| 17:48 | Build | Farm |
| 17:48 | Build | Farm |
| 17:49 | Build | Farm |
| 17:49 | Build | Farm |
| 17:49 | Build | Farm |
| 17:49 | Build | Farm |
| 17:54 | Research | Castle Age |
| 18:11 | Build | House |
| 18:19 | Research | Double-Bit Axe |
| 18:20 | Research | Horse Collar |
| 18:32 | Build | Mining Camp |
| 18:52 | Build | Palisade Wall |
| 19:04 | Build | House |
| 19:31 | Create | Villager (Male) |
| 19:43 | Build | Palisade Wall |
| 20:02 | Research | Stone Mining |
| 20:34 | Age | Castle Age |
| 20:35 | Create | Villager (Male) |
| 20:36 | Create | Villager (Male) |
| 20:45 | Create | Villager (Male) |
| 20:49 | Build | Town Center |
| 21:03 | Create | Villager (Male) |
| 21:04 | Create | Villager (Male) |
| 21:10 | Build | Palisade Wall |
| 21:24 | Create | Villager (Male) |
| 21:24 | Create | Villager (Male) |
| 21:34 | Build | Lumber Camp |
| 21:45 | Research | Crossbowman (upgrade) |
| 22:07 | Create | Villager (Male) |
| 22:07 | Create | Villager (Male) |
| 22:14 | Create | Villager (Male) |
| 22:14 | Create | Villager (Male) |
| 22:21 | Create | Villager (Male) |
| 22:21 | Create | Villager (Male) |
| 22:44 | Create | Villager (Male) |
| 22:50 | Build | Town Center |
| 23:15 | Create | Archer |
| 23:16 | Create | Archer |
| 23:42 | Create | Villager (Male) |
| 23:46 | Build | House |
| 23:48 | Build | House |
| 23:50 | Create | Villager (Male) |
| 23:51 | Create | Villager (Male) |
| 23:51 | Create | Villager (Male) |
| 23:59 | Build | House |
| 24:00 | Build | House |
| 24:20 | Create | Villager (Male) |
| 24:21 | Create | Villager (Male) |
| 24:21 | Create | Villager (Male) |
| 24:21 | Create | Villager (Male) |
| 24:21 | Create | Villager (Male) |
| 24:36 | Create | Villager (Male) |
| 24:36 | Create | Villager (Male) |
| 24:49 | Create | Villager (Male) |
| 24:50 | Create | Villager (Male) |
| 25:16 | Create | Villager (Male) |
| 25:16 | Create | Villager (Male) |
| 25:30 | Build | House |
| 25:30 | Build | House |
| 25:31 | Build | House |
| 25:31 | Build | House |
| 25:32 | Build | House |
| 25:57 | Build | House |
| 25:58 | Build | House |
| 25:59 | Create | Villager (Male) |
| 26:12 | Build | Castle |
| 26:17 | Build | Farm |
Match timeline
| 5:54 | Ilyrian · wall_segment Palisade Wall x7 |
| 7:12 | kosinus912 · first_building Barracks |
| 8:14 | Ilyrian · first_building Barracks |
| 8:22 | Ilyrian · wall_segment Palisade Wall x9 |
| 9:09 | kosinus912 · age_up feudal |
| 9:16 | Ilyrian · wall_segment Palisade Wall x15 |
| 10:52 | 幻影碧萝 · first_building Barracks |
| 11:06 | NAPAS · age_up feudal |
| 11:23 | [FOREIGN LEGION] Steo · age_up feudal |
| 11:49 | 幻影碧萝 · age_up feudal |
| 11:52 | Ilyrian · age_up feudal |
| 11:52 | gazza17 · first_building Barracks |
| 12:26 | Cloud · age_up feudal |
| 12:36 | [FOREIGN LEGION] Steo · first_building Barracks |
| 12:40 | 幻影碧萝 · wall_segment Stone Wall x38 |
| 13:00 | gazza17 · age_up feudal |
| 14:43 | 幻影碧萝 · wall_segment Stone Wall x16 |
| 15:03 | NAPAS · first_building Barracks |
| 15:12 | kosinus912 · first_building Stable |
| 15:47 | [FOREIGN LEGION] Steo · first_building Archery Range |
| 16:08 | gazza17 · wall_segment Stone Wall x24 |
| 16:15 | NAPAS · first_building Stable |
| 16:19 | [FOREIGN LEGION] Steo · wall_segment Palisade Wall x6 |
| 17:11 | Cloud · age_up castle |
| 17:14 | 幻影碧萝 · wall_segment Stone Wall x4 |
| 17:23 | emre_gud · age_up feudal |
| 17:41 | [FOREIGN LEGION] Steo · wall_segment Palisade Wall x5 |
| 18:15 | kosinus912 · age_up castle |
| 18:33 | NAPAS · age_up castle |
| 18:33 | gazza17 · wall_segment Stone Wall x4 |
| 18:33 | gazza17 · wall_segment Stone Wall x1 |
| 18:38 | gazza17 · wall_segment Stone Wall x19 |
| 18:52 | [FOREIGN LEGION] Steo · wall_segment Palisade Wall x1 |
| 19:10 | NAPAS · first_building Monastery |
| 19:30 | Ilyrian · age_up castle |
| 19:43 | [FOREIGN LEGION] Steo · wall_segment Palisade Wall x6 |
| 20:11 | Cloud · first_building Barracks |
| 20:27 | Ilyrian · first_building Archery Range |
| 20:34 | [FOREIGN LEGION] Steo · age_up castle |
| 21:10 | [FOREIGN LEGION] Steo · wall_segment Palisade Wall x7 |
| 21:24 | emre_gud · first_building Barracks |
| 21:30 | 幻影碧萝 · wall_segment Stone Wall x1 |
| 22:12 | emre_gud · age_up castle |
| 23:03 | 幻影碧萝 · age_up castle |
| 23:10 | gazza17 · first_building Archery Range |
| 23:13 | 幻影碧萝 · first_building Castle |
| 25:10 | Cloud · first_building Castle |
| 25:11 | Ilyrian · first_building Stable |
| 25:25 | emre_gud · first_building Castle |
| 25:54 | NAPAS · first_building Castle |
| 26:12 | [FOREIGN LEGION] Steo · first_building Castle |
| 27:12 | [FOREIGN LEGION] Steo · first_building Stable |
| 27:41 | Ilyrian · first_building Castle |
| 27:41 | gazza17 · age_up castle |
| 28:25 | [FOREIGN LEGION] Steo · first_building Siege Workshop |
| 29:20 | Ilyrian · first_building Siege Workshop |
| 29:27 | Cloud · first_building Archery Range |
| 30:37 | kosinus912 · first_building Archery Range |
| 31:33 | Cloud · age_up imperial |
| 31:36 | Cloud · first_building Siege Workshop |
| 32:07 | NAPAS · age_up imperial |
| 32:29 | Cloud · first_market_sell 500 food |
| 32:37 | emre_gud · first_building Stable |
| 33:17 | Ilyrian · age_up imperial |
| 33:46 | gazza17 · first_building Castle |
| 33:51 | kosinus912 · first_building Castle |
| 34:28 | emre_gud · age_up imperial |
| 34:30 | [FOREIGN LEGION] Steo · age_up imperial |
| 34:36 | Cloud · wall_segment Stone Wall x1 |
| 34:38 | Cloud · wall_segment Stone Wall x1 |
| 34:39 | Cloud · wall_segment Stone Wall x1 |
| 34:43 | 幻影碧萝 · wall_segment Stone Wall x25 |
| 34:46 | Cloud · wall_segment Stone Wall x1 |
| 35:24 | [FOREIGN LEGION] Steo · wall_segment Palisade Wall x1 |
| 35:26 | [FOREIGN LEGION] Steo · wall_segment Palisade Wall x1 |
| 36:31 | emre_gud · first_building Siege Workshop |
| 37:09 | 幻影碧萝 · wall_segment Stone Wall x2 |
| 38:32 | emre_gud · first_building Archery Range |
| 38:43 | 幻影碧萝 · age_up imperial |
| 39:15 | kosinus912 · age_up imperial |
| 41:13 | kosinus912 · first_building Siege Workshop |
| 42:18 | kosinus912 · wall_segment Palisade Wall x1 |
| 43:03 | Cloud · resign |
| 43:57 | Ilyrian · first_market_buy 100 wood |
| 43:59 | Ilyrian · first_market_sell 100 stone |
[ AI ANALYSIS · 1 CREDIT ]
What really happened in this match?
Wolo.gg analyzes every decision: build order, eco, micro, common mistakes by bracket. Personalized analysis on WhatsApp or Discord in 30 seconds.
Civ guide
Maya
Map guide
Oasis
Perfil
gazza17